 Dungeon Crawl Stone Soup version 0.16.1-11-g651b585 (webtiles) character file.

514 nightshade the Firebug (level 7, -1/36 HPs)
             Began as a Deep Elf Fire Elementalist on Mar 29, 2015.
             Was a Believer of Vehumet.
             Slain by Duvessa
             ... wielding a +0 short sword
              (6 damage)
             ... on level 4 of the Dungeon on Mar 30, 2015.
             The game lasted 00:23:26 (5225 turns).

nightshade the Firebug (Deep Elf Fire Elementalist) Turns: 5225, Time: 00:23:27

Health: -1/36      AC:  4    Str:  6    XL:     7   Next: 0%
Magic:  5/23       EV: 13    Int: 21    God:    Vehumet [**....]
Gold:   275        SH:  0    Dex: 15    Spells: 5 memorised, 5 levels left

rFire  . . .     SeeInvis .     d - +0 dagger
rCold  . . .     Clarity  .     a - +0 robe
rNeg   . . .     SustAb   .     (no shield)
rPois  .         Gourm    .     (no helmet)
rElec  .         Spirit   .     l - +1 cloak
rCorr  .         Warding  .     (no gloves)
rMut   .         Stasis   .     (no boots)
MR     .....                    (no amulet)
Stlth  ++........               (no ring)
                                (no ring)

@: very slightly contaminated, not resistant to hostile enchantments, unstealthy
A: no striking features
a: Renounce Religion


You were on level 4 of the Dungeon.
You worshipped Vehumet.
Vehumet was pleased with you.
You were not hungry.

You visited 1 branch of the dungeon, and saw 4 of its levels.

You collected 275 gold pieces.

Inventory:

Hand weapons
 d - a +0 dagger (weapon)
Armour
 a - a +0 robe (worn)
 l - a +1 cloak (worn)
 o - a +0 buckler
Scrolls
 e - a scroll of identify
 g - 2 scrolls of enchant weapon
Potions
 h - 6 potions of curing
 j - a potion of agility
 k - a potion of cancellation {unknown}
 m - 3 potions of heal wounds
 q - a potion of restore abilities {unknown}
Books
 b - a book of Flames

   Spells                             Type                      Level
   a - Flame Tongue                   Conjuration/Fire             1
   b - Throw Flame                    Conjuration/Fire             2
   c - Conjure Flame                  Conjuration/Fire             3
   d - Inner Flame                    Hexes/Fire                   3
   e - Sticky Flame                   Conjuration/Fire             4
   f - Fireball                       Conjuration/Fire             5
Comestibles
 c - a bread ration
 f - 3 meat rations
 i - 3 chunks of flesh


   Skills:
 - Level 2.5 Dodging
 - Level 2.5 Stealth
 + Level 5.8 Spellcasting
 - Level 2.0 Conjurations
 + Level 7.3 Fire Magic


You had 5 spell levels left.
You knew the following spells:

 Your Spells              Type           Power        Failure   Level  Hunger
a - Flame Tongue          Conj/Fire      ####.        1%          1    None
b - Throw Flame           Conj/Fire      ####..       1%          2    None
c - Conjure Flame         Conj/Fire      ####....     4%          3    ##.....
d - Searing Ray           Conj           ##....       8%          2    None
e - Sticky Flame          Conj/Fire      ####....     17%         4    ####...


Dungeon Overview and Level Annotations

Branches:
Dungeon (4/15)
 Temple: D:4-7

Altars:
Dithmenos
Gozag
Okawaru
Sif Muna
Vehumet

Annotations:
D:2 exclusion: 2 downstairs
D:4 Duvessa


Message History

Duvessa barely misses you.
The searing ray hits Duvessa.
Duvessa is heavily wounded.
Duvessa hits you but does no damage.
Casting: Searing Ray
Confirm with . or Enter, or press ? or * to list all spells.
Aiming: Searing Ray
Press: ? - help, Shift-Dir - straight line, f/p - Duvessa
Aim: Duvessa, wielding a short sword (heavily wounded, berserk, fast, unusually strong)
The searing ray misses Duvessa.
Duvessa barely misses you. Duvessa closely misses you.
The searing ray hits Duvessa.
Duvessa is severely wounded.
Duvessa hits you with a short sword!
The searing ray hits Duvessa.
Duvessa is almost dead.
Duvessa hits you with a short sword!
* * * LOW HITPOINT WARNING * * *
Duvessa hits you with a short sword.
You die...

######+##
#.......##
#........+
#........#
#........#
##.##...##
#.##.e.####+#
..#...@##...##
.e.#..........#
....#..........#
#..l[#..........#
.?e.+..........#
.#..........#
##...##<..##
#+########


You could see Duvessa (berserk).

Vanquished Creatures
  Grinder (D:3)
  Dowan (D:4)
  Natasha (thrice) (D:3)
  3 orc wizards (D:3)
  A hound skeleton (D:3)
  Robin (D:3)
  4 adders
  3 worms
  An adder skeleton (D:4)
  3 giant geckos
  An ooze (D:1)
  4 orcs (D:3)
  6 giant cockroaches
  13 goblins
  13 hobgoblins
  4 jackals (D:1)
  2 quokkas
  6 bats
  6 giant newts
  10 kobolds
  7 rats
93 creatures vanquished.

Notes
Turn   | Place    | Note
--------------------------------------------------------------
     0 | D:1      | nightshade, the Deep Elf Fire Elementalist, began the quest for the Orb.
     0 | D:1      | Reached XP level 1. HP: 10/10 MP: 5/5
   579 | D:1      | Reached XP level 2. HP: 15/15 MP: 6/8
   581 | D:1      | Upgraded the game from 0.16.1-7-g2c6721e to 0.16.1-11-g651b585
   772 | D:1      | Learned a level 2 spell: Throw Flame
   779 | D:1      | Reached skill level 4 in Fire Magic
  1723 | D:2      | Found a radiant altar of Vehumet.
  1732 | D:2      | Became a worshipper of Vehumet
  1907 | D:2      | Reached XP level 3. HP: 19/19 MP: 2/10
  2852 | D:2      | Found a shadowy altar of Dithmenos.
  2929 | D:2      | Found an iron altar of Okawaru.
  2987 | D:2      | Reached skill level 5 in Fire Magic
  2987 | D:2      | Reached XP level 4. HP: 24/24 MP: 2/13
  3226 | D:3      | Found an opulent altar of Gozag.
  3226 | D:3      | Noticed Robin
  3279 | D:3      | Noticed Grinder
  3584 | D:3      | Acquired Vehumet's first power
  3584 | D:3      | Offered knowledge of Magic Dart by Vehumet.
  3778 | D:3      | Noticed Natasha
  3779 | D:3      | Killed Natasha
  3839 | D:3      | Reached skill level 6 in Fire Magic
  3839 | D:3      | Reached XP level 5. HP: 18/28 MP: 4/16
  4010 | D:3      | Paralysed by Grinder for 6 turns
  4031 | D:3      | Killed Grinder
  4031 | D:3      | Reached XP level 6. HP: 25/32 MP: 2/20
  4051 | D:3      | Noticed Natasha
  4063 | D:3      | Killed Natasha
  4188 | D:3      | Reached skill level 5 in Spellcasting
  4188 | D:3      | Reached skill level 7 in Fire Magic
  4203 | D:3      | Noticed Natasha
  4203 | D:3      | Killed Natasha
  4313 | D:3      | Learned a level 3 spell: Conjure Flame
  4731 | D:3      | Killed Robin
  4897 | D:3      | Found a deep blue altar of Sif Muna.
  5162 | D:4      | Offered knowledge of Searing Ray by Vehumet.
  5166 | D:4      | Learned a level 2 spell: Searing Ray
  5171 | D:4      | Learned a level 4 spell: Sticky Flame
  5206 | D:4      | Noticed Dowan
  5208 | D:4      | Noticed Duvessa
  5218 | D:4      | Killed Dowan
  5218 | D:4      | Reached XP level 7. HP: 36/36 MP: 13/23
  5225 | D:4      | Slain by Duvessa

Action                   |  1- 3 |  4- 6 |  7- 9 || total
-------------------------+-------+-------+-------++-------
Melee: Unarmed           |     4 |       |       ||     4
       Dagger            |       |     5 |       ||     5
 Cast: Flame Tongue      |    46 |    47 |       ||    93
       Throw Flame       |    43 |    73 |       ||   116
       Conjure Flame     |       |     4 |       ||     4
       Searing Ray       |       |     1 |     2 ||     3
  Use: Scroll            |     9 |     1 |       ||    10
  Eat: Chunk             |     7 |     8 |       ||    15
       Pizza             |       |     1 |       ||     1
